 Dungeon Crawl Stone Soup version 0.30-a0-459-g9104f0fc43 (webtiles) character file.

Game seed: 12803289809694290352

1048 p00ps00p the Chopper (level 8, -1/71 HPs)
             Began as a Hill Orc Fighter on Dec 16, 2022.
             Slain by a two-headed ogre
             ... wielding a +0 giant spiked club
              (14 damage)
             ... on level 5 of the Dungeon.
             The game lasted 00:03:54 (4644 turns).

p00ps00p the Chopper (Hill Orc Fighter)             Turns: 4644, Time: 00:03:56

Health: -1/71      AC: 11    Str: 24    XL:     8   Next: 25%
Magic:  8/8        EV: 10    Int:  8    God:
Gold:   268        SH:  5    Dex: 13    Spells: 7/7 levels left

rFire   . . .      SeeInvis .    a - +2 war axe
rCold   . . .      Faith    .    c - +0 buckler
rNeg    . . .      Spirit   .    m - +4 leather armour of Untruth {rElec rPois Str+3 Dex+3}
rPois   +          Reflect  .    (no helmet)
rElec   +          Harm     .    e - +2 cloak
rCorr   +          Rampage  .    (no gloves)
Will    .....                    (no boots)
Stlth   +.........               (no amulet)
HPRegen 0.31/turn                f - ring of resist corrosion
MPRegen 0.11/turn                (no ring)

@: mighty
A: no striking features
a: no special abilities


You were on level 5 of the Dungeon.
You visited 1 branch of the dungeon, and saw 5 of its levels.

You collected 268 gold pieces.

Inventory:

Hand Weapons
 a - a +2 war axe (weapon)
Armour
 b - a +0 scale mail
 c - a +0 buckler (worn)
 e - a +2 cloak (worn)
 m - the +4 leather armour of Untruth (worn) {rElec rPois Str+3 Dex+3}
   (You found it on level 3 of the Dungeon)

   Str:       It affects your strength (+3).
   Dex:       It affects your dexterity (+3).
   rElec:     It insulates you from electricity.
   rPois:     It protects you from poison.
Jewellery
 f - a ring of resist corrosion (left hand)
Scrolls
 n - a scroll of enchant armour
 o - a scroll of poison
 p - a scroll of fog
 r - 2 scrolls of teleportation
 t - a scroll of identify
Potions
 d - a potion of might
 g - a potion of brilliance {unknown}
 h - a potion of lignification {unknown}
 i - 2 potions of berserk rage {unknown}
 j - a potion of mutation {unknown}
 k - a potion of cancellation {unknown}
 l - a potion of flight {unknown}
 q - 2 potions of ambrosia {unknown}
 s - a potion of magic {unknown}


   Skills:
 + Level 6.6 Fighting
 + Level 6.6 Axes
 + Level 6.1 Armour
 + Level 6.0 Shields


You had 7 spell levels left.
You didn't know any spells.
Your spell library contained the following spells:

 Spells                   Type           Power      Damage    Failure   Level
 Magic Dart               Conj           0%         1d3       54%         1
 Shock                    Conj/Air       0%         1d3       54%         1
 Sting                    Tmut/Pois      0%         1d3       54%         1
 Poisonous Vapours        Pois/Air       0%         N/A       67%         2
 Searing Ray              Conj           0%         2d4       67%         2
 Swiftness                Air            0%         N/A       88%         3
 Airstrike                Air            0%         2d(0-16)  99%         4
 Fulminant Prism          Conj/Hex       0%         3d5       99%         4
 Olgreb's Toxic Radiance  Pois           0%         N/A       99%         4


Dungeon Overview and Level Annotations

Branches:
Dungeon (5/15)
 Temple: D:4-7

Altars:
Nemelex Xobeh
Okawaru


Message History

A two-headed ogre is nearby!
A two-headed ogre is nearby!
A two-headed ogre is nearby!
You completely miss the two-headed ogre.
The two-headed ogre barely misses you.
The two-headed ogre hits you with a +0 giant club!
You hit the two-headed ogre.
The two-headed ogre is lightly wounded.
The two-headed ogre hits you with a +0 giant spiked club!
The two-headed ogre barely misses you.
You completely miss the two-headed ogre.
The two-headed ogre is lightly wounded.
The two-headed ogre hits you with a +0 giant spiked club!
The two-headed ogre hits you with a +0 giant club!
You are too injured to fight recklessly!
You are too injured to fight recklessly!
You are too injured to fight recklessly!
You are too injured to fight recklessly!
You are too injured to fight recklessly!
You are too injured to fight recklessly!
You are too injured to fight recklessly!
You are too injured to fight recklessly!
You are too injured to fight recklessly!
You are too injured to fight recklessly!
You are too injured to fight recklessly!
You are too injured to fight recklessly!
You are too injured to fight recklessly!
You are too injured to fight recklessly!
You are too injured to fight recklessly!
You are too injured to fight recklessly!
You are too injured to fight recklessly!
You are too injured to fight recklessly!
You are too injured to fight recklessly!
You feel very mighty all of a sudden.
You hit the two-headed ogre.
The two-headed ogre is lightly wounded.
The two-headed ogre hits you with a +0 giant spiked club!
* * * LOW HITPOINT WARNING * * *
The two-headed ogre hits you with a +0 giant club!
You die...

#......).# #.#
#..##
####.###.#
#+###..# #.#
#.###_+...##
#.#
#.###+###.#
#.. #.# # #.#
##.
..###.###.#
##..........#
##..#..#.#####
. #....@O..#
............#
....#.......#
... #.......#
.. #.......# .
#..!....#
###.##### #.


You could see a two-headed ogre.

Vanquished Creatures
  Prince Ribbit (D:5)
  Menkaure (D:4)
  A water moccasin (D:3)
  The ghost of lotum the Magician, an amateur DjFE (D:3)
  A necrophage (D:5)
  A water moccasin skeleton (D:3)
  A centaur zombie (D:3)
  3 jellies (D:5)
  An orc priest (D:5)
  3 hounds
  2 iguanas
  An orc wizard (D:5)
  6 adders
  3 worms
  3 dart slugs
  8 orcs
  3 bats
  8 endoplasms
  4 giant cockroaches
  7 goblins
  A hobgoblin (D:4)
  6 jackals (D:1)
  4 kobolds
  A quokka (D:3)
  2 ball pythons
  A frilled lizard (D:2)
  A rat (D:2)
  A spectral kobold (D:1)
76 creatures vanquished.

Notes
Turn   | Place    | Note
-------+----------+-------------------------------------------
     0 | D:1      | p00ps00p the Hill Orc Fighter began the quest for the Orb.
     0 | D:1      | Reached XP level 1. HP: 19/19 MP: 1/1
   139 | D:1      | Found a faded altar of an unknown god.
   384 | D:1      | Reached XP level 2. HP: 23/27 MP: 2/2
  1222 | D:2      | Reached XP level 3. HP: 33/33 MP: 3/3
  2105 | D:3      | Reached XP level 4. HP: 40/40 MP: 4/4
  2214 | D:3      | Noticed a water moccasin
  2229 | D:3      | Killed a water moccasin
  2230 | D:3      | Reached XP level 5. HP: 22/47 MP: 5/5
  2565 | D:3      | Found a transporter.
  2568 | D:3      | Noticed lotum's ghost (amateur DjFE)
  2726 | D:3      | Identified the +4 leather armour of Untruth {rElec rPois
                  | Str+3 Dex+3}
  2733 | D:3      | Reached skill level 5 in Fighting
  2733 | D:3      | Reached XP level 6. HP: 51/56 MP: 6/6
  3075 | D:3      | Found a transporter.
  3094 | D:3      | Killed lotum's ghost
  3096 | D:3      | Reached skill level 5 in Axes
  3440 | D:4      | Found an iron altar of Okawaru.
  3457 | D:4      | Reached skill level 5 in Shields
  3493 | D:4      | Reached skill level 5 in Armour
  3493 | D:4      | Reached XP level 7. HP: 51/61 MP: 7/7
  3533 | D:4      | Noticed Menkaure
  3538 | D:4      | Killed Menkaure
  4263 | D:5      | Entered Level 5 of the Dungeon
  4298 | D:5      | Noticed Prince Ribbit
  4317 | D:5      | Killed Prince Ribbit
  4484 | D:5      | Reached XP level 8. HP: 65/71 MP: 8/8
  4609 | D:5      | Found a sparkling altar of Nemelex Xobeh.
  4638 | D:5      | Noticed a two-headed ogre
  4644 | D:5      | Slain by a two-headed ogre

Illustrated notes

Levels and vault maps discovered:
D:1:      ebering_trefoil_3fold, layout_basic,
          dreamdust_ecumenical_altar_drowned_temple
D:2:      layout_basic
D:3:      layout_basic, gammafunk_ghost_mausoleum
D:4:      layout_gridville, general_overflow_altar, uniq_menkaure
D:5:      lemuel_ice_spiral_2, layout_basic, lemuel_doored_altar,
          uniq_prince_ribbit1

Skill      XL: |  1  2  3  4  5  6  7  8 |
---------------+-------------------------+-----
Axes           | 3 4 5 6 |  6.6
Fighting       | 4 5 6 |  6.6
Armour         | 4 5 6 |  6.1
Shields        | 4 5 6 |  6.0

Action                   |  1- 3 |  4- 6 |  7- 9 || total
-------------------------+-------+-------+-------++-------
Melee: War axe           |   104 |    73 |    75 ||   252
  Use: Scroll            |     5 |     1 |     4 ||    10
       Potion            |       |     2 |     3 ||     5
Armor: Scale mail        |    67 |    26 |       ||    93
       Leather armour    |       |    37 |    38 ||    75
Dodge: Dodged            |    58 |    59 |    42 ||   159
Block: Buckler           |    29 |    16 |    25 ||    70

Table legend: (Time is in decaauts)
 A = Elapsed time spent in this place.
 B = Non-inter-level travel time spent in this place.
 C = Inter-level travel time spent in this place.
 D = Time resting spent in this place.
 E = Time spent auto-exploring this place.
 F = Levels seen in this place.
 G = Mean time per level.
                   A        B        C        D        E       F      G
               +--------+--------+--------+--------+--------+-----+--------+
         Total |   4728 |   4639 |     89 |   1049 |   2915 |   5 |  945.6 |
       Dungeon |   4728 |   4639 |     89 |   1049 |   2915 |   5 |  945.6 |
               +--------+--------+--------+--------+--------+-----+--------+

Top non-repeatable levels by time:
     D:3: 1435 daAuts
     D:1: 1115 daAuts
     D:2: 938 daAuts
     D:4: 852 daAuts
     D:5: 387 daAuts
